 Dungeon Crawl Stone Soup version 0.16.0-12-g7215832 (webtiles) character file.

104591 Sorcv the Imperceptible (level 16, 0/100 HPs)
             Began as a Kobold Enchanter on Mar 17, 2015.
             Was the Champion of Ashenzari.
             Killed by vampiric draining
             ... invoked by a deep elf death mage
              (6 damage)
             ... on level 3 of the Elven Halls on Mar 18, 2015.
             The game lasted 02:09:48 (15797 turns).

Sorcv the Imperceptible (Kobold Enchanter)         Turns: 15797, Time: 02:09:48

Health: 0/100      AC: 16    Str:  8    XL:     16   Next: 93%
Magic:  28/29      EV: 33    Int: 13    God:    Ashenzari [******]
Gold:   2473       SH:  8    Dex: 22    Spells: 11 memorised, 2 levels left

rFire  + . .     SeeInvis +     t - +3 rapier (elec) (curse)
rCold  + . .     Clarity  +     V - +0 steam dragon armour (curse)
rNeg   . . .     SustAb   .     A - +0 buckler (curse)
rPois  +         Gourm    .     R - +2 helmet (curse)
rElec  +         Spirit   .     D - +2 cloak {MR+} (curse)
rCorr  +         Warding  .     h - +0 pair of gloves (curse)
rMut   +         Stasis   .     I - +2 pair of boots (curse)
MR     ++...                    X - amulet of resist mutation (curse)
Stlth  ++++++++++               G - ring of stealth (curse)
                                g - ring of poison resistance (curse)

@: resistant, regenerating (expiring), repel missiles, very resistant to hostile
enchantments, uncannily stealthy
A: molten scales 1, carnivore 3
a: Scrying, Transfer Knowledge, Renounce Religion


You were on level 3 of the Elven Halls.
You worshipped Ashenzari.
Ashenzari was exalted by your worship.
You were completely stuffed.

You visited 6 branches of the dungeon, and saw 27 of its levels.
You visited the Abyss 1 time.
You visited 1 bazaar.

You collected 6061 gold pieces.
You spent 3588 gold pieces at shops.

Inventory:

Hand weapons
 a - a +2 vampiric dagger
 t - a cursed +3 rapier of electrocution (weapon)
 T - a cursed +5 quick blade of piercing
Missiles
 u - a throwing net (quivered)
Armour
 h - a cursed +0 pair of gloves (worn)
 A - a cursed +0 buckler (worn)
 D - a cursed +2 cloak of magic resistance (worn)
 I - a cursed +2 pair of boots (worn)
 R - a cursed +2 helmet (worn)
 V - a cursed +0 steam dragon armour (worn)
Jewellery
 g - a cursed ring of poison resistance (left hand)
 i - an uncursed ring of protection from cold
 G - a cursed ring of stealth (right hand)
 X - a cursed amulet of resist mutation (around neck)
Magical devices
 n - a wand of confusion (22)
 q - a wand of digging (7)
 E - a wand of teleportation (9)
 Z - a wand of teleportation (3)
Scrolls
 k - 4 scrolls of enchant armour
 m - a scroll of summoning
 y - a scroll of teleportation
 B - 5 scrolls of remove curse
 C - 3 scrolls of blinking
 H - 2 scrolls of recharging
 J - a scroll of curse armour
 L - a scroll of curse weapon
 O - 10 scrolls of identify
 U - 4 scrolls of fog
 W - 2 scrolls of enchant weapon
 Y - 2 scrolls of amnesia
Potions
 f - 2 potions of cancellation
 j - 2 potions of restore abilities
 l - 2 potions of resistance
 r - a potion of brilliance
 s - 3 potions of agility
 v - 2 potions of flight
 x - 2 potions of haste
 P - a potion of might
 S - 2 potions of magic
Books
 c - a book of Maledictions

   Spells                             Type                      Level
   a - Corona                         Hexes                        1
   b - Sure Blade                     Hexes/Charms                 2
   c - Ensorcelled Hibernation        Hexes/Ice                    2
   d - Confuse                        Hexes                        3
   e - Dazzling Spray                 Conjuration/Hexes            3
   f - Enslavement                    Hexes                        4
 e - an Akashic Record {highlevel}

   This book is beyond your current level of understanding.

   Spells                             Type                      Level
   a - Dispersal                      Translocation                6
   b - Controlled Blink               Translocation                7
   c - Malign Gateway                 Summoning/Translocation      7
   d - Disjunction                    Translocation                8
   e - Singularity                    Translocation                9
 o - a Necronomicon {highlevel}

   This book is beyond your current level of understanding.

   Spells                             Type                      Level
   a - Haunt                          Necromancy/Summoning         7
   b - Borgnjor's Revivification      Necromancy                   8
   c - Death's Door                   Charms/Necromancy            8
   d - Necromutation                  Transmutation/Necromancy     8
 N - a book of Battle

   Spells                             Type                      Level
   a - Infusion                       Charms                       1
   b - Shroud of Golubria             Charms/Translocation         2
   c - Song of Slaying                Charms                       2
   d - Spectral Weapon                Hexes/Charms                 3
   e - Regeneration                   Charms/Necromancy            3
 Q - a book of Flames

   Spells                             Type                      Level
   a - Flame Tongue                   Conjuration/Fire             1
   b - Throw Flame                    Conjuration/Fire             2
   c - Conjure Flame                  Conjuration/Fire             3
   d - Inner Flame                    Hexes/Fire                   3
   e - Sticky Flame                   Conjuration/Fire             4
   f - Fireball                       Conjuration/Fire             5
Comestibles
 b - 2 royal jellies
 d - 11 meat rations
 p - 7 beef jerkies
 z - 2 slices of pizza
 F - 3 chunks of flesh


   Skills:
 + Level 11.0 Fighting
 - Level 10.2(14.5) Short Blades
 + Level 13.5(17.6) Dodging
 + Level 23.4(26.7) Stealth
 - Level 5.0(8.0) Shields
 - Level 6.0 Spellcasting
 - Level 2.4(6.0) Conjurations
 - Level 5.0(9.4) Hexes
 - Level 3.3(7.3) Charms
 - Level 5.2(9.7) Necromancy
 - Level 4.3(8.6) Translocations
 - Level 1.2(3.9) Ice Magic
 - Level 2.2(5.6) Air Magic
 - Level 2.1(5.5) Poison Magic
 - Level 7.7(12.2) Evocations


You had 2 spell levels left.
You knew the following spells:

 Your Spells              Type           Power        Failure   Level  Hunger
a - Corona                Hex            ####...      1%          1    None
b - Ensorcelled Hibernat  Hex/Ice        ###...       1%          2    ##.....
c - Confuse               Hex            ####....     1%          3    ###....
d - Dazzling Spray        Conj/Hex       ###.....     1%          3    ###....
e - Mephitic Cloud        Conj/Pois/Air  ###.....     6%          3    ###....
f - Cure Poison           Pois           ###.......   2%          2    ##.....
g - Apportation           Tloc           ####......   1%          1    None
h - Repel Missiles        Chrm/Air       ###...       1%          2    ##.....
i - Regeneration          Chrm/Necr      ####......   1%          3    ###....
j - Flight                Chrm/Air       ###.......   4%          3    ###....
k - Swiftness             Chrm/Air       ###.....     1%          2    ##.....


Dungeon Overview and Level Annotations

Branches:
Dungeon (10/15)            Temple (1/1) D:4            Lair (8/8) D:9
 Shoals (1/5) Lair:5        Snake (0/5) Lair:5        Slime (0/6) Lair:7
    Orc (4/4) D:10            Elf (3/3) Orc:3

Altars:
Ashenzari
Cheibriados
Dithmenos
Elyvilon
Fedhas
Gozag
Kikubaaqudgha
Makhleb
Nemelex Xobeh
Okawaru
Qazlal
Ru
Sif Muna
Trog
Vehumet
Xom
Yredelemnul
Zin
The Shining One
Beogh
Jiyva

Shops:
D:8 [   Orc:1 (   Orc:4 (?:%   Elf:1 }

Annotations:
D:4 Grinder
Lair:1 exclusion: 2 oklob plants
Orc:3 exclusion: oklob plant
Orc:4 Saint Roka
Elf:1 exclusion: Roxanne, Roxanne


Innate Abilities, Weirdness & Mutations

You are small and have problems with some larger weapons.
You are carnivorous and can eat meat at any time.
You are partially covered in molten scales (AC +1).


Message History

You see here an arrow of flame.
Your surroundings suddenly seem different.
A deep elf mage comes into view. It is wielding a staff of energy.
Drink which item? (? for menu, Esc to quit)
Okay, then.
You barely miss the deep elf death mage.
The deep elf death mage shouts!
The deep elf mage shouts!
You closely miss the deep elf death mage.
Your skin is crawling a little less now.
The deep elf mage gestures wildly while chanting.
The deep elf mage conjures a globe of magical energy!
The deep elf death mage closely misses you.
You puncture the deep elf death mage!!
There is a sudden explosion of sparks!
The deep elf death mage is heavily wounded.
You barely miss the deep elf death mage.
The deep elf death mage is heavily wounded.
You hit the deep elf death mage.
There is a sudden explosion of sparks!
The deep elf death mage is severely wounded.
The deep elf death mage is infused with unholy energy.
You die...

....#..#....................#
#####.,#...###########{####.##
.....,,#...# #.).####1#
....,,,#P..# *###...##.#.#
#####*##...# *#.###...####.#*
...........# *#...###...# #.#
......,....#
##.....#..)##***##
#+######...# #((.......##*,*
.......'...# #@.e*....##*,,*
.......#...# #e......##*,,,*
#####..#...# ##......#*,,,**
....#..#...# *#......,,,**
....#..#...# *#...#.,,**
....#..#...# *..##*,,,**
....'..#...# **,..*,,,,,**
....#..#...# ****,,.,,,,,,,,**
#####..#...#
**,,,,,**,,,,,,,,**


You could see a deep elf death mage and a deep elf mage.

Vanquished Creatures
  A deep elf blademaster (Elf:3)
  Rupert (Lair:3)
  3 deep elf sorcerers (Elf:3)
  Aizul (Elf:1)
  Gastronok (D:10)
  2 deep elf demonologists
  4 deep elf annihilators
  Snorg (Elf:1)
  2 deep elf death magi (Elf:3)
  A deep elf high priest (Elf:1)
  Josephine (Orc:4)
  6 hydras
  12 dancing weapons (Elf:2)
  6 death yaks (Lair:8)
  An orc high priest (Orc:4)
  22 deep elf knights
  A sun demon (Abyss:1)
  A wizard (Lair:8)
  An unseen horror (Abyss:1)
  9 deep elf summoners
  4 orc knights
  An anubis guard (shapeshifter) (Elf:2)
  A hill giant (D:10)
  A lindwurm (Lair:8)
  An orc sorcerer (Elf:2)
  16 deep elf conjurers
  A cyclops (Orc:1)
  An elephant (D:9)
  4 black mambas
  A siren (Lair:5)
  20 spiny frogs
  4 komodo dragons
  A demonic crawler (Elf:3)
  5 fire drakes
  10 deep elf priests
  A troll (Orc:4)
  10 blink frogs
  2 two-headed ogres
  2 merfolk (Shoals:1)
  A baby alligator (shapeshifter) (Elf:1)
  3 wraiths (Orc:4)
  16 deep elf magi
  A wyvern (Lair:6)
  2 small abominations
  2 redbacks
  4 basilisks
  28 deep elf fighters
  A water elemental (Shoals:1)
  Eustachio (Orc:1)
  2 steam dragons
  27 yaks
  A human (shapeshifter) (Elf:3)
  12 wolves
  2 wargs
  8 hippogriffs
  The ghost of Sorcv the Covert, an average KoEn (D:3)
  15 water moccasins
  33 orc warriors
  2 sky beasts
  A black bear (Lair:8)
  2 ice beasts
  A phantom (D:10)
  10 porcupines
  8 ogres
  10 centaurs
  5 crocodiles
  10 giant frogs
  Duvessa (D:4)
  Blork the orc (D:4)
  2 gnoll sergeants
  A wyvern skeleton (D:8)
  3 killer bees (D:8)
  4 wights (D:9)
  Dowan (D:4)
  2 crimson imps
  3 goliath beetles
  11 iguanas
  3 jellies
  13 orc priests
  11 hounds
  4 hell rats
  20 orc wizards
  2 worker ants
  16 sheep
  Ijyb (D:3)
  A mummy (D:9)
  17 adders
  9 gnolls
  A hound skeleton (D:3)
  4 worker ant zombies
  40 river rats
  3 shadow imps
  A giant mite (D:7)
  A white imp (Abyss:1)
  A worm (D:4)
  4 giant geckos
  129 orcs
  11 bats
  5 giant cockroaches
  20 hobgoblins
  9 jackals
  14 kobolds
  5 giant newts
  A giant spore (D:9)
  17 goblins
  14 quokkas
  14 rats
  A ballistomycete (D:9)
  2 crawling corpses (Elf:1)
795 creatures vanquished.

Vanquished Creatures (collateral kills)
  A dancing weapon (Elf:2)
  A komodo dragon (Lair:7)
  A wolf (Lair:2)
  A sheep (Lair:7)
  A quokka (Lair:2)
5 creatures vanquished.

Vanquished Creatures (others)
  A wolf (Lair:2)
  2 redbacks (Elf:2)
  3 trapdoor spiders (Elf:2)
  3 spiders (Elf:2)
  A giant mite (Lair:3)
  A fungus (Lair:8)
11 creatures vanquished.

Grand Total: 811 creatures vanquished

Notes
Turn   | Place    | Note
--------------------------------------------------------------
     0 | D:1      | Sorcv, the Kobold Enchanter, began the quest for the Orb.
     0 | D:1      | Reached XP level 1. HP: 10/10 MP: 3/3
   105 | D:1      | Reached XP level 2. HP: 10/15 MP: 4/4
   195 | D:1      | Reached skill level 5 in Stealth
   284 | D:2      | Reached XP level 3. HP: 19/19 MP: 6/6
   288 | D:2      | Learned a level 2 spell: Ensorcelled Hibernation
   292 | D:2      | Learned a level 3 spell: Confuse
   387 | D:3      | Noticed Sorcv's ghost (average KoEn)
   421 | D:3      | Killed Sorcv's ghost
   421 | D:3      | Reached skill level 8 in Stealth
   421 | D:3      | Reached XP level 4. HP: 10/24 MP: 3/7
   421 | D:3      | Reached XP level 5. HP: 11/28 MP: 3/9
   700 | D:3      | Found a burning altar of Makhleb.
   992 | D:3      | Found a stormy altar of Qazlal.
   992 | D:3      | Found a sacrificial altar of Ru.
  1118 | D:4      | Noticed Ijyb
  1120 | D:4      | Noticed Dowan
  1122 | D:4      | Noticed Duvessa
  1123 | D:4      | Noticed an ogre
  1182 | D:3      | Killed Ijyb
  1182 | D:3      | Reached XP level 6. HP: 19/32 MP: 0/10
  1251 | D:4      | Killed an ogre
  1251 | D:4      | Reached skill level 9 in Stealth
  1260 | D:4      | Found a staircase to the Ecumenical Temple.
  1268 | Temple   | Entered the Ecumenical Temple
  1292 | Temple   | Became a worshipper of Ashenzari the Shackled
  1332 | D:4      | Learned a level 3 spell: Dazzling Spray
  1359 | D:4      | Killed Duvessa
  1359 | D:4      | Reached skill level 1 in Ice Magic
  1363 | D:4      | Killed Dowan
  1363 | D:4      | Reached skill level 10 in Stealth
  1363 | D:4      | Reached XP level 7. HP: 36/36 MP: 0/12
  1420 | D:4      | Noticed Blork the orc
  1486 | D:4      | Killed Blork the orc
  1571 | D:4      | Found an opulent altar of Gozag.
  1572 | D:4      | Found a glowing silver altar of Zin.
  1572 | D:4      | Noticed Grinder
  1589 | D:4      | Paralysed by Grinder for 6 turns
  1608 | D:5      | Entered Level 5 of the Dungeon
  1651 | D:5      | Found a blossoming altar of Fedhas.
  1651 | D:5      | Found a glowing golden altar of the Shining One.
  1923 | D:6      | Reached XP level 8. HP: 41/41 MP: 13/13
  1976 | D:6      | Reached skill level 5 in Hexes
  2173 | D:6      | Reached skill level 11 in Stealth
  2266 | D:6      | Found a basalt altar of Yredelemnul.
  2590 | D:7      | Gained mutation: You are partially covered in molten scales (AC +1). [potion of beneficial mutation]
  2591 | D:7      | Identified a scroll of acquirement
  2625 | D:7      | Reached skill level 5 in Dodging
  2625 | D:7      | Reached skill level 12 in Stealth
  2673 | D:7      | Reached XP level 9. HP: 31/45 MP: 7/14
  2844 | D:7      | Found a blossoming altar of Fedhas.
  3253 | D:8      | Found an iron altar of Okawaru.
  3259 | D:8      | Found Ceonavea's Antique Armour Boutique.
  3261 | D:8      | Acquired Ashenzari's first power
  3322 | D:8      | Reached skill level 13 in Stealth
  3432 | D:8      | Bought a glowing cloak for 117 gold pieces
  3432 | D:8      | Bought a pitted scale mail for 234 gold pieces
  3437 | D:8      | Identified the cursed -1 scale mail of Kol Efa {rPois Regen+} (You bought it in a shop on level 8 of the Dungeon)
  4184 | D:9      | Reached skill level 14 in Stealth
  4232 | D:9      | Noticed an elephant
  4249 | D:9      | Killed an elephant
  4249 | D:9      | Reached XP level 10. HP: 50/50 MP: 6/16
  4300 | D:9      | Found a staircase to the Lair.
  4400 | Lair:1   | Entered Level 1 of the Lair of Beasts
  4400 | Lair:1   | Noticed a spiny frog
  4408 | Lair:1   | Killed a spiny frog
  4424 | Lair:1   | Noticed a spiny frog
  4426 | Lair:1   | Killed a spiny frog
  4426 | Lair:1   | Reached skill level 15 in Stealth
  4437 | Lair:1   | Reached skill level 10 in Dodging
  4488 | Lair:1   | Noticed a spiny frog
  4545 | Lair:1   | Noticed a spiny frog
  4554 | Lair:1   | Killed a spiny frog
  4610 | Lair:1   | Acquired Ashenzari's second power
  4685 | Lair:1   | Noticed an oklob plant
  4701 | Lair:1   | Killed a spiny frog
  4701 | Lair:1   | Reached skill level 16 in Stealth
  4701 | Lair:1   | Reached XP level 11. HP: 43/54 MP: 6/17
  4743 | Lair:1   | Noticed a spiny frog
  4754 | Lair:1   | Killed a spiny frog
  4754 | Lair:1   | Reached skill level 5 in Short Blades
  4879 | Lair:1   | Reached skill level 1 in Fighting
  4881 | Lair:1   | Noticed an oklob plant
  5074 | Lair:2   | Reached skill level 1 in Shields
  5096 | Lair:2   | Noticed a five-headed hydra
  5103 | Lair:2   | Killed a five-headed hydra
  5370 | Lair:2   | Noticed a death yak
  5370 | Lair:2   | Noticed a death yak
  5482 | Lair:3   | Noticed Rupert
  5484 | Lair:3   | Killed Rupert
  5484 | Lair:3   | Reached skill level 17 in Stealth
  5531 | Lair:3   | Reached skill level 5 in Shields
  5662 | Lair:3   | Reached XP level 12. HP: 36/64 MP: 8/18
  5695 | Lair:3   | Learned a level 3 spell: Mephitic Cloud
  5738 | Lair:3   | Acquired Ashenzari's third power
  6147 | Lair:4   | Reached skill level 1 in Air Magic
  6147 | Lair:4   | Reached skill level 1 in Poison Magic
  6269 | Lair:4   | Reached skill level 1 in Conjurations
  6470 | Lair:4   | Learned a level 2 spell: Cure Poison
  6484 | Lair:4   | Noticed a seven-headed hydra
  6485 | Lair:4   | Killed a seven-headed hydra
  6623 | Lair:5   | Learned a level 1 spell: Apportation
  6735 | Lair:5   | Acquired Ashenzari's fourth power
  6866 | Lair:5   | Reached skill level 5 in Spellcasting
  6897 | Lair:5   | Found a staircase to the Shoals.
  6931 | Lair:5   | Found a staircase to the Snake Pit.
  7130 | Lair:5   | Reached skill level 18 in Stealth
  7341 | Lair:6   | Noticed a six-headed hydra
  7347 | Lair:6   | Killed a six-headed hydra
  7532 | Lair:6   | Reached XP level 13. HP: 70/72 MP: 26/26
  7626 | Lair:6   | Reached skill level 5 in Fighting
  8209 | Lair:7   | Found a viscous altar of Jiyva.
  8210 | Lair:7   | Found a staircase to the Slime Pits.
  8243 | Lair:7   | Reached skill level 19 in Stealth
  8316 | Lair:8   | Entered Level 8 of the Lair of Beasts
  8580 | Lair:8   | Reached skill level 10 in Fighting
  8810 | Lair:8   | Reached XP level 14. HP: 80/88 MP: 14/27
  8900 | Lair:8   | Found a burning altar of Makhleb.
  9275 | Shoals:1 | Entered Level 1 of the Shoals
  9476 | Lair:3   | Noticed an eight-headed hydra
  9511 | Lair:3   | Killed an eight-headed hydra
  9800 | D:9      | Reached skill level 20 in Stealth
  9844 | D:10     | Entered Level 10 of the Dungeon
  9925 | D:10     | Found a staircase to the Orcish Mines.
 10033 | D:10     | Noticed Gastronok
 10057 | D:10     | Killed Gastronok
 10057 | D:10     | Reached skill level 10 in Short Blades
 10189 | D:10     | Reached skill level 1 in Evocations
 10416 | Orc:1    | Entered Level 1 of the Orcish Mines
 10622 | Orc:1    | Noticed Eustachio
 10633 | Orc:1    | Killed Eustachio
 10655 | Orc:1    | Found Blurau's Weapon Shop.
 10728 | Orc:1    | Found a roughly hewn altar of Beogh.
 11210 | Orc:4    | Entered Level 4 of the Orcish Mines
 11287 | Orc:4    | Reached skill level 5 in Evocations
 11435 | Orc:4    | Noticed Josephine
 11445 | Orc:4    | Killed Josephine
 11639 | Orc:4    | Found Xoapsua's Magic Scroll Boutique.
 11639 | Orc:4    | Found Ahiud's Book Emporium.
 11642 | Orc:4    | Found Kemol's Food Shoppe.
 11644 | Orc:4    | Found Kavuhyil's Antique Weapon Shop.
 11697 | Orc:4    | Bought a book of Air for 525 gold pieces
 11697 | Orc:4    | Bought a book of Battle for 600 gold pieces
 11701 | Orc:4    | Learned a level 2 spell: Repel Missiles
 11705 | Orc:4    | Learned a level 3 spell: Regeneration
 11709 | Orc:4    | Learned a level 3 spell: Flight
 11712 | Orc:4    | Learned a level 2 spell: Swiftness
 11814 | Orc:4    | Noticed Saint Roka
 12112 | Orc:3    | Found a staircase to the Elven Halls.
 12126 | Elf:1    | Entered Level 1 of the Elven Halls
 12156 | Elf:1    | Reached skill level 21 in Stealth
 12156 | Elf:1    | Reached XP level 15. HP: 47/92 MP: 5/28
 12258 | Elf:1    | Found Cohuuwap's Gadget Shoppe.
 12303 | Elf:1    | Reached skill level 1 in Necromancy
 12440 | Elf:1    | Noticed a deep elf annihilator
 12465 | Elf:1    | Killed a deep elf annihilator
 12588 | Elf:1    | Noticed Roxanne
 12649 | Orc:3    | Upgraded the game from 0.16.0-11-gd45b091 to 0.16.0-12-g7215832
 12735 | Elf:1    | Noticed Aizul
 12778 | Elf:1    | Killed Aizul
 12860 | Elf:1    | Reached skill level 5 in Necromancy
 12883 | Elf:1    | Reached skill level 1 in Charms
 12983 | Elf:1    | Noticed Snorg
 12992 | Elf:1    | Killed Snorg
 13235 | Elf:2    | Reached skill level 1 in Translocations
 13408 | Elf:2    | Reached skill level 22 in Stealth
 13529 | Elf:2    | Found a runed gate.
 13530 | Elf:2    | Found a runed gate.
 13532 | Elf:2    | Found a runed gate.
 13797 | Elf:2    | Reached XP level 16. HP: 86/97 MP: 19/29
 13874 | Elf:2    | Cast into the Abyss (eveningstar of distortion)
 13874 | Abyss:1  | Found a corrupted altar of Lugonu.
 14099 | Abyss:1  | Noticed a tentacled starspawn
 14391 | Elf:2    | Escaped the Abyss
 14572 | Elf:3    | Entered Level 3 of the Elven Halls
 14585 | Elf:3    | Found a flickering gateway to a bazaar.
 14644 | Bazaar   | Entered a bazaar
 14644 | Bazaar   | Found Peffulewk's Magic Scroll Shoppe.
 14645 | Bazaar   | Found Wehoruf's Food Shop.
 14649 | Bazaar   | Found Zovieg's Magic Scroll Shoppe.
 14671 | Bazaar   | Found Pluocs' Jewellery Shoppe.
 14680 | Bazaar   | Found Rixaosas' Gadget Emporium.
 14719 | Bazaar   | Bought a scroll of acquirement for 624 gold pieces
 14719 | Bazaar   | Bought a scroll of acquirement for 624 gold pieces
 14723 | Bazaar   | Bought a scroll of identify for 24 gold pieces
 14723 | Bazaar   | Bought a scroll of fog for 24 gold pieces
 14723 | Bazaar   | Bought a scroll of enchant weapon for 90 gold pieces
 14723 | Bazaar   | Bought a scroll of enchant weapon for 90 gold pieces
 14723 | Bazaar   | Bought a scroll of blinking for 90 gold pieces
 14723 | Bazaar   | Bought a scroll of magic mapping for 42 gold pieces
 14723 | Bazaar   | Bought a scroll of teleportation for 36 gold pieces
 14723 | Bazaar   | Bought a scroll of identify for 24 gold pieces
 14723 | Bazaar   | Bought a scroll of fog for 24 gold pieces
 14733 | Bazaar   | Bought a scroll of identify for 16 gold pieces
 14733 | Bazaar   | Bought a scroll of fog for 16 gold pieces
 14733 | Bazaar   | Bought a scroll of identify for 16 gold pieces
 14733 | Bazaar   | Bought a scroll of fear for 28 gold pieces
 14733 | Bazaar   | Bought a scroll of summoning for 76 gold pieces
 14733 | Bazaar   | Bought a scroll of fog for 16 gold pieces
 14733 | Bazaar   | Bought a scroll of identify for 16 gold pieces
 14733 | Bazaar   | Bought a scroll of identify for 16 gold pieces
 14733 | Bazaar   | Bought a scroll of identify for 16 gold pieces
 14733 | Bazaar   | Bought a scroll of blinking for 60 gold pieces
 14749 | Bazaar   | Bought a beef jerky for 12 gold pieces
 14749 | Bazaar   | Bought a meat ration for 40 gold pieces
 14749 | Bazaar   | Bought a beef jerky for 12 gold pieces
 14749 | Bazaar   | Bought a meat ration for 40 gold pieces
 14749 | Bazaar   | Bought a beef jerky for 12 gold pieces
 14749 | Bazaar   | Bought a beef jerky for 12 gold pieces
 14749 | Bazaar   | Bought a royal jelly for 16 gold pieces
 15190 | Elf:2    | Reached skill level 23 in Stealth
 15696 | Elf:3    | Noticed a deep elf blademaster
 15701 | Elf:3    | Killed a deep elf blademaster
 15773 | Elf:3    | Noticed a Shadow Fiend
 15788 | Elf:3    | Identified the +8 hunting sling of Vengeance {freeze, +Fly rF- Str+5}
 15789 | Elf:3    | Noticed a deep elf master archer
 15791 | Elf:3    | Noticed a deep elf master archer
 15791 | Elf:3    | HP: 2/100 [deep elf master archer/arrow of flame (14)]
 15797 | Elf:3    | Killed from afar by a deep elf death mage

Action                   |  1- 3 |  4- 6 |  7- 9 | 10-12 | 13-15 | 16-18 || total
-------------------------+-------+-------+-------+-------+-------+-------++-------
Melee: Dagger            |    56 |    89 |   263 |   313 |  1049 |       ||  1770
       Rapier            |       |       |       |       |   259 |   327 ||   586
Throw: Throwing net      |       |       |       |       |       |     2 ||     2
 Cast: Confuse           |     1 |     5 |    21 |     8 |    11 |       ||    46
       Ensorcelled Hiber |       |     5 |    14 |    51 |    63 |       ||   133
       Dazzling Spray    |       |       |     2 |     7 |    43 |       ||    52
       Corona            |       |       |     1 |       |     2 |     3 ||     6
       Mephitic Cloud    |       |       |       |       |     3 |       ||     3
       Repel Missiles    |       |       |       |       |     4 |       ||     4
       Swiftness         |       |       |       |       |     2 |       ||     2
       Regeneration      |       |       |       |       |    32 |    34 ||    66
Evoke: Wand              |       |       |       |     1 |    16 |     2 ||    19
       Sack of spiders   |       |       |       |       |     5 |       ||     5
  Use: Potion            |     2 |     4 |     3 |     2 |    10 |     2 ||    23
       Scroll            |       |     6 |    20 |    15 |    10 |    10 ||    61
 Stab: Sleeping          |     4 |    11 |    38 |    85 |   108 |    18 ||   264
       Distracted        |       |     1 |       |       |     5 |     2 ||     8
       Confused          |       |     1 |     8 |     2 |     5 |       ||    16
       Invisible         |       |       |     1 |     7 |    43 |       ||    51
       Held in net/web   |       |       |       |       |       |     1 ||     1
  Eat: Chunk             |       |     5 |    17 |    18 |    31 |    13 ||    84
